 Dungeon Crawl Stone Soup version 0.28.0-53-g5a82cb258f (webtiles) character file.

Game seed: 11016030720007805427

5909 Infinimo the Thaumaturge (level 11, -7/84 HPs)
             Began as a Djinni Earth Elementalist on June 10, 2022.
             Was a Follower of Makhleb.
             Mangled by an efreet
             ... wielding a +0 scimitar of flaming
              (8 damage)
             ... on level 3 of the Abyss.
             The game lasted 00:14:15 (12246 turns).

Infinimo the Thaumaturge (DjEE)                    Turns: 12246, Time: 00:14:15

Health: -7/84      AC:  7    Str:  7      XL:     11   Next: 8%
Gold:   639        EV: 12    Int: 19 (21) God:    Makhleb [*.....] SH:  0 Dex:  9

rFire   + + .      SeeInvis +   y - +8 spear "Liom" {protect, rC++ rN+++ Dex-3}
rCold   + . .      Faith    .   (no shield)
rNeg    + + +      Spirit   .   K - +0 steam dragon scales
rPois   ∞          Reflect  .   l - +0 helmet
rElec   .          Harm     .   d - +0 cloak
rCorr   .          Rampage  .   (no gloves)
Will    +....                   (boots unavailable)
Stlth   +.........              H - amulet of regeneration
HPRegen 1.04/turn               B - ring of see invisible
MPRegen 0.00/turn               G - ring of positive energy

@: flying, slowed, very slow
A: sickness immunity, fire resistance 2, cold vulnerability 1, float, innate
caster, HP casting, extra vitality 1, clumsy 1, screaming 1
a: Renounce Religion


You were on level 3 of the Abyss.
You worshipped Makhleb.
Makhleb was aware of your devotion.
You visited 2 branches of the dungeon, and saw 11 of its levels.
You visited the Abyss 1 time.

You collected 639 gold pieces.

Inventory:

Hand Weapons
 y - the +8 spear "Liom" (weapon) {protect, rC++ rN+++ Dex-3}
   (You found it on level 6 of the Dungeon)

   It grants its wielder temporary protection when it strikes (+7 to AC).
   Dex:       It affects your dexterity (-3).
   rC:        It greatly protects you from cold.
   rN:        It renders you almost immune to negative energy.
Missiles
 x - 134 stones
Armour
 d - a +0 cloak (worn)
 l - a +0 helmet (worn)
 K - +0 steam dragon scales (worn)
Jewellery
 b - a +6 ring of dexterity
 o - a +6 ring of strength
 B - a ring of see invisible (left hand)
 G - a ring of positive energy (right hand)
 H - an amulet of regeneration (around neck)
Wands
 f - a wand of digging (11)
 s - a wand of polymorph (5)
 u - a wand of acid (12)
 E - a wand of paralysis (9)
 F - a wand of iceblast (8)
Scrolls
 h - a scroll of brand weapon
 j - 8 scrolls of identify {unknown}
 m - 4 scrolls of teleportation
 t - a scroll of torment {unknown}
 w - 6 scrolls of blinking {unknown}
 C - 2 scrolls of noise {unknown}
 D - a scroll of enchant weapon {unknown}
 I - 2 scrolls of fog {unknown}
 J - a scroll of enchant armour {unknown}
Potions
 a - a potion of resistance {unknown}
 c - 2 potions of attraction {unknown}
 e - a potion of degeneration {unknown}
 g - 4 potions of flight {unknown}
 i - a potion of ambrosia {unknown}
 k - 3 potions of magic {unknown}
 n - a potion of mutation {unknown}
 p - 2 potions of lignification {unknown}
 q - 2 potions of might {unknown}
 r - 5 potions of curing {unknown}
 v - 3 potions of haste {unknown}
 z - 2 potions of brilliance {unknown}
 A - a potion of cancellation {unknown}


   Skills:
 + Level 9.2 Fighting
 - Level 2.1 Dodging
 - Level 1.5 Stealth
 * Level 10.4 Spellcasting


You had 7 spell levels left.
You knew the following spells:

 Your Spells              Type           Power      Damage    Failure   Level
a - Sandblast             Erth           98%        2d20      1%          1
b - Passwall              Tmut/Erth      40%        N/A       1%          2
c - Stone Arrow           Conj/Erth      98%        3d13      1%          3
d - Petrify               Tmut/Erth      49%        N/A       1%          4
e - Slow                  Hex            100%       N/A       1%          1
f - Static Discharge      Conj/Air       49%        N/A       1%          2
g - Ignite Poison         Fire/Tmut/Pois 49%        N/A       1%          3
h - Ozocubu's Armour      Ice            49%        N/A       1%          3
i - Fulminant Prism       Conj/Hex       24%        3d13      1%          4
Your spell library was empty.

Dungeon Overview and Level Annotations

Branches:
Dungeon (10/15)            Temple (1/1) D:6             Orc (0/2) D:9
   Lair: D:8-11

Altars:
Ashenzari
Cheibriados
Dithmenos
Elyvilon
Gozag
Hepliaklqana
Kikubaaqudgha
Makhleb
Nemelex Xobeh
Okawaru
Qazlal
Ru
Sif Muna
Trog
Uskayaw
Wu Jian
Xom
Zin
The Shining One

Shops:
D:4 (


Innate Abilities, Weirdness & Mutations

You are immune to sickness and miasma.
You are immune to poison.
Your flesh is very heat resistant. (rF++)
You are vulnerable to cold. (rC-)
You float through the air rather than walking.
You learn spells naturally, not from books.
Your magical power is your life essence.
You have superior vitality. (+4 MHP)
You are clumsy. (Dex -2)
You occasionally shout uncontrollably at your foes.


Message History

The flying skull closely misses you. The efreet hits you but does no damage.
The flying skull barely misses you. The ancient zyme completely misses you.
The ancient zyme hits you. The efreet hits you but does no damage.
A kobold demonologist comes into view. It is wielding a +0 dagger.
The flying skull barely misses you.
A tentacled starspawn comes into view.
You yell at the tentacled starspawn!
The ancient zyme barely misses you.
The ancient zyme hits you but does no damage.
The iron imp misses you.
You hear a hideous shriek! x2; The kobold demonologist shouts!
You hear a roar! x3
You hear a hideous shriek!
The efreet hits you with a +0 scimitar of flaming!!
The flying skull hits you.
Tentacles burst from the starspawn's body!
The ancient zyme hits you. The ancient zyme closely misses you.
The efreet hits you with a +0 scimitar of flaming!!
* * * LOW HITPOINT WARNING * * *
The efreet burns you.
* * * LOW HITPOINT WARNING * * *
2 starspawn tentacles come into view.
The naga warrior roars a battlecry!
The flying skull completely misses you.
The guardian serpent casts a spell at you.
The efreet blinks!
The kobold demonologist blinks into view!
The white imp blinks!
The tentacled starspawn blinks!
The naga warrior blinks!
The iron imp blinks!
The flying skull hits you!
* * * LOW HITPOINT WARNING * * *
You closely miss the kobold demonologist.
The guardian serpent coils itself and waves its upper body at you.
The ancient zyme misses you. The ancient zyme hits you.
* * * LOW HITPOINT WARNING * * *
The flying skull barely misses you.
The white imp hits you but does no damage.
The iron imp hits you but does no damage.
The naga warrior hits you with a +0 glaive!
* * * LOW HITPOINT WARNING * * *
The naga warrior completely misses you.
The efreet hits you with a +0 scimitar of flaming!
You die...

.##.#. .......
.#....# ....# .≈#X
#.#.### ..≈ #.....#
...
#....§#########...#
#.Rx5§'..N.K... ..#
#.N@zS#####. ...##
.'....K5X.# #.....#
.########## ###.
... # . . ###..
....# . .###.N....
##. .# #.#. . #
#... ##N.## . .# #
# ....# ..


You could see a naga warrior, a tentacled starspawn, a salamander (strong), an
ancient zyme, a guardian serpent, a kobold demonologist, an efreet, a flying
skull, an iron imp and a white imp.

Vanquished Creatures
  2 wizards (D:10)
  The ghost of Morge the Chopper, an amateur DrWn of Ru (D:5)
  A flying skull (Abyss:3)
  Sigmund (D:6)
  3 shadows
  2 large abominations (Abyss:3)
  A wyvern (D:9)
  Eustachio (D:4)
  A neqoxec (Abyss:3)
  A steam dragon (D:9)
  2 water moccasins
  A sky beast (D:3)
  3 orc warriors (D:9)
  A black bear (D:5)
  An ice beast (D:8)
  A necrophage (D:8)
  4 ogres
  A phantom (D:7)
  5 centaurs
  3 kobold brigands
  3 bullfrogs
  3 scorpions
  A water moccasin skeleton (D:5)
  An electric eel (D:10)
  4 howler monkeys
  A bullfrog zombie (D:4)
  2 centaur zombies
  9 orc priests
  2 centaur skeletons (D:7)
  5 hounds
  A jelly (D:4)
  A bullfrog skeleton (D:4)
  3 gnoll shamans
  3 iguanas
  7 orc wizards
  A scorpion zombie (D:5)
  A hound skeleton (D:4)
  Robin (D:2)
  12 adders
  15 gnolls
  3 white imps
  An ufetubus (D:5)
  2 worms (D:3)
  3 dart slugs
  25 orcs
  4 bats
  10 endoplasms
  A giant cockroach (D:2)
  27 goblins
  8 hobgoblins
  A quokka (D:3)
  11 ball pythons
  4 frilled lizards
  24 kobolds
  7 rats
243 creatures vanquished.

Vanquished Creatures (others)
  2 starspawn tentacles (Abyss:3)
2 creatures vanquished.

Grand Total: 245 creatures vanquished

Notes
Turn   | Place    | Note
-------+----------+-------------------------------------------
     0 | D:1      | Infinimo the Djinni Earth Elementalist began the quest for
                  | the Orb.
     0 | D:1      | Reached XP level 1. HP: 15/15 MP: 0/0
   191 | D:1      | Reached XP level 2. HP: 21/22 MP: 0/0
   396 | D:1      | Reached skill level 1 in Fighting
   630 | D:1      | Reached XP level 3. HP: 21/27 MP: 0/0
   630 | D:1      | Learned a level 1 spell: Slow
   768 | D:1      | Reached skill level 3 in Spellcasting
  1313 | D:2      | Reached XP level 4. HP: 30/33 MP: 0/0
  1324 | D:2      | Noticed Robin
  1338 | D:2      | Killed Robin
  1834 | D:2      | Reached XP level 5. HP: 35/38 MP: 0/0
  1834 | D:2      | Learned a level 2 spell: Static Discharge
  2114 | D:2      | Found a glowing silver altar of Zin.
  2453 | D:3      | Reached skill level 4 in Spellcasting
  2796 | D:3      | Found a faded altar of an unknown god.
  3096 | D:3      | Noticed a sky beast
  3107 | D:3      | Killed a sky beast
  3108 | D:3      | Reached XP level 6. HP: 3/46 MP: 0/0
  4028 | D:4      | Reached XP level 7. HP: 44/51 MP: 0/0
  4028 | D:4      | Learned a level 3 spell: Ignite Poison
  4035 | D:4      | Reached skill level 5 in Spellcasting
  4482 | D:4      | Reached XP level 8. HP: 54/58 MP: 0/0
  4557 | D:4      | Found Annuschou's Weapon Shop.
  4722 | D:4      | Noticed Eustachio
  4827 | D:4      | Killed Eustachio
  4828 | D:4      | Reached skill level 5 in Fighting
  4828 | D:4      | Reached skill level 6 in Spellcasting
  5559 | D:5      | Entered Level 5 of the Dungeon
  5616 | D:5      | Found a runed translucent door.
  5617 | D:5      | Noticed Morge's ghost (amateur DrWn)
  6214 | D:5      | Reached skill level 7 in Spellcasting
  6214 | D:5      | Reached XP level 9. HP: 60/66 MP: 0/0
  6214 | D:5      | Learned a level 3 spell: Ozocubu's Armour
  6546 | D:5      | Found a white marble altar of Elyvilon.
  6546 | D:5      | Found a glowing silver altar of Zin.
  6546 | D:5      | Found a glowing golden altar of the Shining One.
  6771 | D:5      | Killed Morge's ghost
  7095 | D:6      | Found a staircase to the Ecumenical Temple.
  7141 | Temple   | Entered the Ecumenical Temple
  7357 | D:6      | Identified the +8 spear "Liom" {protect, rC++ rN+++ Dex-3}
  7388 | D:6      | Reached skill level 8 in Spellcasting
  7769 | D:6      | Noticed Sigmund
  7797 | D:6      | Killed Sigmund
  8868 | D:7      | Reached XP level 10. HP: 69/75 MP: 0/0
  8912 | D:7      | Found a burning altar of Makhleb.
  9070 | D:7      | Became a worshipper of Makhleb the Destroyer
  9338 | D:8      | Reached skill level 9 in Spellcasting
 10569 | D:9      | Found an iron altar of Okawaru.
 10869 | D:9      | Reached * piety under Makhleb
 10938 | D:9      | Found a staircase to the Orcish Mines.
 11699 | D:10     | Entered Level 10 of the Dungeon
 11779 | D:10     | Reached skill level 10 in Spellcasting
 11812 | D:10     | Noticed a wizard
 11826 | D:10     | Killed a wizard
 11827 | D:10     | Reached XP level 11. HP: 63/84 MP: 0/0
 11827 | D:10     | Learned a level 4 spell: Fulminant Prism
 11861 | D:10     | Noticed a wizard
 11869 | D:10     | Killed a wizard
 11875 | D:10     | Noticed a wizard
 11876 | D:10     | Noticed a wizard
 11885 | D:10     | Cast into level 3 of the Abyss (a wizard)
 11955 | Abyss:3  | Gained mutation: You occasionally shout uncontrollably at
                  | your foes. [a neqoxec]
 11976 | Abyss:3  | Gained mutation: You are clumsy. (Dex -2) [a neqoxec]
 12000 | Abyss:3  | Noticed an eidolon
 12094 | Abyss:3  | Noticed a large abomination
 12142 | Abyss:3  | Noticed a naga warrior
 12234 | Abyss:3  | Noticed a salamander
 12243 | Abyss:3  | Noticed a tentacled starspawn
 12246 | Abyss:3  | HP: 1/84 [naga warrior/+0 glaive (15)]
 12246 | Abyss:3  | Mangled by an efreet

Illustrated notes

Levels and vault maps discovered:
D:1:      wander_arrival_peaceful_grave, layout_basic
D:2:      layout_loops_ring, basic_altar, minmay_puff, uniq_robin
D:3:      layout_basic, ebering_ecumenical_altar_abandoned, solitary_fountain,
          minmay_circle_x
D:4:      layout_loops_ring, serial_shops, nicolae_shop_bloodbath_and_beyond,
          uniq_eustachio
D:5:      layout_basic, good_gods_mini_temple, ebering_ghost_reflecting_pool,
          st_stairs_12, minmay_ogre_servants
D:6:      layout_loops_ring, minmay_temple_entry_antechambers,
          minmay_misc_feat_plants, uniq_sigmund
D:7:      layout_basic, makhleb_blood_cavern_becter, serial_bayou_pond_a
D:8:      layout_rooms
D:9:      layout_rooms, lemuel_round_altar, erik_orc_4, serial_aquarium,
          aquarium_bridge_long_joined [aquarium_subvault_bridge,
          aquarium_subvault_balcony, aquarium_subvault_wall,
          aquarium_subvault_wall, aquarium_subvault_window,
          aquarium_subvault_bridge], aquarium_bridge_square
          [aquarium_subvault_wall, aquarium_subvault_bridge,
          aquarium_subvault_wall, aquarium_subvault_window],
          aquarium_window_fake, aquarium_window_corner,
          aquarium_window_corridor_2, aquarium_window_1, aquarium_view_2f,
          aquarium_balcony_1b, aquarium_pool_split
D:10:     minmay_smoke_and_mirrors, layout_basic, vehumet_altar_wand_db,
          nicolae_overflow_hidden_temple, serial_shops, kennysheep_mini,
          serial_bayou_lagoon_b
Temple:   jpeg_temple_clearing
Abyss:3:  base: D:5, minivault_22, minivault_1, minivault_28

Skill      XL: |  1  2  3  4  5  6  7  8  9 10 |
---------------+-------------------------------+-----
Fighting       | 1 2 3 4 5 7 9 |  9.2
Spellcasting   | 3 4 5 7 8 10 | 10.4
Dodging        | |  2.1
Stealth        | |  1.5

Action                   |  1- 3 |  4- 6 |  7- 9 | 10-12 || total
-------------------------+-------+-------+-------+-------++-------
Melee: Unarmed           |     1 |     2 |    39 |       ||    42
       Punch             |       |       |     1 |       ||     1
       Spear             |       |       |       |     4 ||     4
 Cast: Sandblast         |    45 |   102 |    90 |       ||   237
       Stone Arrow       |       |       |    88 |   127 ||   215
  Use: Scroll            |       |     6 |       |       ||     6
Armor: Robe              |     2 |     6 |    25 |     4 ||    37
       Steam dragon scal |       |       |       |     8 ||     8
Dodge: Dodged            |     7 |    21 |    60 |    42 ||   130
